 Dungeon Crawl Stone Soup version 0.26-a0-110-g95b6527cb0 (webtiles) character file.

Game seed: 4668011600522505510

790 MrRokkomies the Conjurer (level 7, 0/36 HPs)
             Began as a Tengu Fire Elementalist on June 23, 2020.
             Was an Initiate of Vehumet.
             Slain by an ice beast (18 damage)
             ... on level 5 of the Dungeon.
             The game lasted 00:12:35 (5619 turns).

MrRokkomies the Conjurer (Tengu Fire Elementalist)  Turns: 5619, Time: 00:12:35

Health: 0/36       AC:  3    Str:  8    XL:     7   Next: 87%
Magic:  9/11       EV: 14    Int: 18    God:    Vehumet [......]
Gold:   221        SH:  0    Dex: 14    Spells: 3/10 levels left

rFire    + . .     SeeInvis .   o - +2 quarterstaff (chaos)
rCold    x . .     Faith    .   (shield currently unavailable)
rNeg     . . .     Spirit   .   a - +0 robe
rPois    .         Reflect  .   (helmet restricted)
rElec    .         Harm     .   p - +0 cloak
rCorr    .                      (no gloves)
MR       .....                  (boots unavailable)
Stlth    ++........             v - amulet of regeneration
HPRegen  0.52/turn              q - ring of fire
MPRegen  0.12/turn              (no ring)

@: no status effects
A: beak, talons 3, able to fly
a: Fly, Renounce Religion


You were on level 5 of the Dungeon.
You worshipped Vehumet.
Vehumet was noncommittal.
You were not hungry.

You visited 1 branch of the dungeon, and saw 6 of its levels.

You collected 221 gold pieces.

Inventory:

Hand Weapons
 k - a +1 dagger of holy wrath
 o - a +2 quarterstaff of chaos (weapon)
Missiles
 f - 11 javelins (quivered)
 g - 32 poisoned darts
Armour
 a - a +0 robe (worn)
 p - a +0 cloak (worn)
Jewellery
 q - a ring of fire (left hand)
 v - an amulet of regeneration (around neck)
Wands
 e - a wand of flame (15)
 l - a wand of polymorph (7)
Scrolls
 b - 2 scrolls of identify
 i - 5 scrolls of remove curse
 r - a scroll of fog
 s - 4 scrolls of teleportation
Potions
 d - 2 potions of curing
 h - a potion of magic
 j - a potion of brilliance
 m - 2 potions of haste
 n - 2 potions of might
 u - 2 potions of resistance {unknown}
 w - a potion of degeneration {unknown}
Comestibles
 c - 14 rations


   Skills:
 + Level 4.6 Dodging
 - Level 2.0 Stealth
 + Level 2.0 Spellcasting
 * Level 7.1 Conjurations
 * Level 6.7 Fire Magic


You had 3 spell levels left.
You knew the following spells:

 Your Spells              Type           Power        Failure   Level  Hunger
a - Foxfire               Conj/Fire      ####         1%          1    #......
b - Conjure Flame         Conj/Fire      #####...     3%          3    ###....
c - Inner Flame           Hex/Fire       ###.....     14%         3    ###....

Your spell library contained the following spells:

 Spells                   Type           Power        Failure   Level  Hunger
 Sticky Flame             Conj/Fire      #####...     11%         4    #####..
 Fireball                 Conj/Fire      #####.....   28%         5    ######.


Dungeon Overview and Level Annotations

Branches:
Dungeon (6/15)
 Temple: D:4-7

Altars:
Cheibriados
Dithmenos
Fedhas
Gozag
Hepliaklqana
Kikubaaqudgha
Makhleb
Nemelex Xobeh
Qazlal
Ru
Vehumet
Xom
The Shining One

Annotations:
D:6 Dowan, Duvessa


Innate Abilities, Weirdness & Mutations

You have a beak for a mouth.
You have claws for feet.
You can fly continuously.


Message History

You hit the ice beast.
The ice beast is moderately wounded.
The ice beast barely misses you. The ice beast hits you.
The ice beast freezes you!!
You feel a terrible chill!
Ouch! That really hurt!
You are too injured to fight recklessly!
You are too injured to fight recklessly!
Casting: Foxfire (safe; 1% risk of failure)
Confirm with . or Enter, or press ? or * to list all spells.
You feel a surge of power!
The fire begins to smolder!
The ice beast smothers the flame.
An ice beast is nearby!
An adder comes into view.
The adder hisses angrily.
Found a ration. 2 killer bees come into view.
The adder bites you. The ice beast hits you. The ice beast freezes you!!
You feel a terrible chill!
Ouch! That really hurt!
You die...

## ... #####
....##...###########
..y%..............>#
.y###..Y.####.#####
#.@S.# #.# ###
#....# #.#
..########### #....#
#.# ......(.....#
#....# #!#
#)##........# #....#
#.#
#.##........######.#
#.#
#)##.........#####.#
#..
#.##................
###
#.##.....###.###....


You could see an ice beast and an adder.

Vanquished Creatures
  Eustachio (D:4)
  A sky beast (D:5)
  An orc warrior (D:3)
  A scorpion (D:4)
  A jelly (D:4)
  Crazy Yiuf (D:2)
  A hound (D:4)
  2 iguanas (D:4)
  2 orc wizards
  A worker ant (D:4)
  A howler monkey zombie (D:6)
  8 adders
  3 shadow imps
  A worm (D:3)
  3 dart slugs
  4 leopard geckos
  9 orcs
  5 ball pythons
  6 bats
  4 giant cockroaches
  8 goblins
  6 hobgoblins
  9 jackals
  A quokka (D:3)
  2 frilled lizards
  10 kobolds
  A leopard gecko skeleton (D:4)
  16 rats
  2 rat zombies (D:4)
111 creatures vanquished.

Vanquished Creatures (collateral kills)
  A frilled lizard (D:1)
1 creature vanquished.

Vanquished Creatures (others)
  167 foxfires
167 creatures vanquished.

Grand Total: 279 creatures vanquished

Notes
Turn   | Place    | Note
-------+----------+-------------------------------------------
     0 | D:1      | MrRokkomies the Tengu Fire Elementalist began the quest for
                  | the Orb.
     0 | D:1      | Reached XP level 1. HP: 10/10 MP: 4/4
   150 | D:1      | Reached skill level 2 in Conjurations
   150 | D:1      | Reached XP level 2. HP: 15/15 MP: 0/6
   611 | D:1      | Reached XP level 3. HP: 19/19 MP: 7/7
  1344 | D:2      | Learned a level 3 spell: Conjure Flame
  1411 | D:2      | Reached skill level 3 in Conjurations
  1508 | D:2      | Found a burning altar of Makhleb.
  1527 | D:2      | Found a blossoming altar of Fedhas.
  1529 | D:2      | Found a glowing golden altar of the Shining One.
  1531 | D:2      | Found a hazy altar of Hepliaklqana.
  1583 | D:2      | Reached XP level 4. HP: 24/24 MP: 2/8
  1886 | D:2      | Found a runed translucent door.
  1887 | D:2      | Noticed Crazy Yiuf
  1906 | D:2      | Killed Crazy Yiuf
  1906 | D:2      | Gained mutation: You can fly continuously. [Tengu growth]
  1906 | D:2      | Reached XP level 5. HP: 9/28 MP: 2/9
  2219 | D:2      | Reached skill level 4 in Conjurations
  2574 | D:2      | Learned a level 3 spell: Inner Flame
  3022 | D:3      | Noticed an orc warrior
  3120 | D:3      | Killed an orc warrior
  3120 | D:3      | Reached skill level 5 in Conjurations
  3120 | D:3      | Reached skill level 5 in Fire Magic
  3120 | D:3      | Reached XP level 6. HP: 23/32 MP: 2/10
  3332 | D:3      | Found a sparkling altar of Nemelex Xobeh.
  3712 | D:4      | Found a shimmering altar of Xom.
  3786 | D:4      | Noticed Eustachio
  4007 | D:4      | Killed Eustachio
  4007 | D:4      | Reached skill level 6 in Conjurations
  4007 | D:4      | Reached XP level 7. HP: 36/36 MP: 3/11
  4458 | D:4      | Found an ancient bone altar of Kikubaaqudgha.
  4706 | D:5      | Entered Level 5 of the Dungeon
  4833 | D:5      | Found an opulent altar of Gozag.
  4901 | D:5      | Found a stormy altar of Qazlal.
  4980 | D:5      | Found a radiant altar of Vehumet.
  4981 | D:5      | Found a shadowy altar of Dithmenos.
  4987 | D:5      | Became a worshipper of Vehumet
  5018 | D:6      | Found a snail-covered altar of Cheibriados.
  5045 | D:5      | Reached skill level 7 in Conjurations
  5140 | D:6      | Found a sacrificial altar of Ru.
  5453 | D:6      | Noticed Duvessa
  5534 | D:6      | Noticed Dowan
  5619 | D:5      | Slain by an ice beast

Illustrated notes

Levels and vault maps discovered:
D:1:      tarquinn_simple_flora_water_e, layout_loops_cross
D:2:      layout_basic, minitemple, uniq_crazy_yiuf_cottage
D:3:      layout_rooms, lemuel_crystal_altar
D:4:      layout_basic, lemuel_zombie_altar_kikubaaqudgha, kennysheep_mini,
          st_stairs_7, kennysheep_generic_room_5, uniq_eustachio
D:5:      layout_basic, gammafunk_temple_overflow_pools,
          overflow_temple_1_default,
          nicolae_gozag_cash_rules_everything_around_me, first_ration,
          uniq_sigmund, uniq_edmund
D:6:      layout_basic, cheibriados_altar_1, lemuel_temple_firewalk_a,
          hangedman_ru_absence, uniq_duvessa

Skill      XL: |  1  2  3  4  5  6  7 |
---------------+----------------------+-----
Conjurations   | 2 3 5 6 7 |  7.1
Fire Magic     | 4 5 6 |  6.7
Dodging        | 3 4 |  4.6
Stealth        | |  2.0
Spellcasting   | |  2.0

Action                   |  1- 3 |  4- 6 |  7- 9 || total
-------------------------+-------+-------+-------++-------
Melee: Unarmed           |     9 |       |       ||     9
       Kick              |    11 |    21 |    11 ||    43
       Dagger            |    57 |    17 |       ||    74
       Peck              |     9 |     7 |     8 ||    24
       Quarterstaff      |       |    61 |    59 ||   120
Throw: Dart              |       |     7 |       ||     7
       Throwing net      |       |     1 |       ||     1
 Cast: Foxfire           |    36 |    48 |    24 ||   108
       Conjure Flame     |       |     1 |     1 ||     2
  Use: Scroll            |     6 |       |     5 ||    11
       Potion            |       |     1 |     2 ||     3
 Stab: Sleeping          |     2 |     4 |     2 ||     8
  Eat: Chunk             |     3 |     8 |     3 ||    14
       Ration            |       |       |     1 ||     1
Armor: Robe              |    10 |    24 |    11 ||    45
Dodge: Dodged            |    46 |   108 |    41 ||   195

Table legend:
 A = Non-vault XP
 B = Vault XP
 C = Vault XP percentage of total XP
 D = Non-vault monster count
 E = Vault monster count
 F = Vault count percentage of total count
                 A         B        C        D         E       F
            +---------+---------+-------+---------+---------+-------
      Total |     827 |     302 |  26.7 |     104 |       8 |   7.1
            +---------+---------+-------+---------+---------+-------
        D:1 |      54 |       0 |   0.0 |      33 |       0 |   0.0
        D:2 |      95 |      41 |  30.1 |      30 |       1 |   3.2
        D:3 |     221 |       0 |   0.0 |      20 |       0 |   0.0
        D:4 |     212 |     261 |  55.2 |       9 |       7 |  43.8
        D:5 |     223 |       0 |   0.0 |       9 |       0 |   0.0
        D:6 |      22 |       0 |   0.0 |       3 |       0 |   0.0
            +---------+---------+-------+---------+---------+-------
